 Dungeon Crawl Stone Soup version 0.30-a0-883-g5ad918d77d (webtiles) character file.

Game seed: 2373498183573492002

18 retardedninja the Trooper (level 2, -12/24 HPs)
             Began as a Human Fighter on Mar 16, 2023.
             Mangled by a goblin
             ... wielding a +1 dagger of electrocution
              (18 damage)
             ... on level 1 of the Dungeon.
             The game lasted 00:00:30 (420 turns).

retardedninja the Trooper (Human Fighter)            Turns: 420, Time: 00:00:31

Health: -12/24     AC:  8    Str: 16    XL:     2   Next: 85%
Magic:  2/2        EV:  8    Int:  8    God:
Gold:   28         SH:  4    Dex: 12    Spells: 1/1 levels left

rFire   . . .      SeeInvis .    a - +0 war axe
rCold   . . .      Faith    .    c - +0 buckler
rNeg    . . .      Spirit   .    b - +0 scale mail
rPois   .          Reflect  .    (no helmet)
rElec   .          Rampage  .    (no cloak)
rCorr   .                        (no gloves)
Will    .....                    g - +0 pair of boots Stlth
                                 (no amulet)
HPRegen 0.24/turn                (no ring)
MPRegen 0.08/turn                (no ring)

@: no status effects
A: no striking features
a: no special abilities


You were on level 1 of the Dungeon.
You visited 1 branch of the dungeon, and saw 1 of its levels.

You collected 28 gold pieces.

Inventory:

Hand Weapons
 a - a +0 war axe (weapon)
Armour
 b - a +0 scale mail (worn)
 c - a +0 buckler (worn)
 g - a +0 pair of boots (worn)
Scrolls
 e - a scroll of teleportation {unknown}
 f - a scroll of vulnerability {unknown}
 i - a scroll of identify {unknown}
Potions
 d - a potion of might
 h - a potion of attraction {unknown}


   Skills:
 + Level 3.2 Fighting
 + Level 2.3 Axes
 + Level 3.2 Armour
 + Level 3.2 Shields


You had one spell level left.
You didn't know any spells.
Your spell library was empty.

Dungeon Overview and Level Annotations

Branches:
Dungeon (1/15)

Altars:


Message History

There are monsters nearby!
You barely miss the goblin.
The goblin is heavily wounded.
The goblin barely misses you.
There are monsters nearby!
You slash the goblin!
You kill the goblin!
A rat is nearby!
You hit the rat.
The rat is moderately wounded.
The rat barely misses you.
A rat is nearby!
You barely miss the rat.
The rat is moderately wounded.
You block the rat's attack.
A goblin comes into view.
It is wielding a +1 dagger of electrocution.
The rat bites you but does no damage.
There are monsters nearby!
The goblin shouts!
You slash the rat!
You kill the rat!
A goblin is nearby!
A goblin is nearby!
A goblin is nearby!
The goblin hits you but does no damage.
You are electrocuted!
Ouch! That really hurt!
* * * LOW HITPOINT WARNING * * *
A goblin is nearby!
A goblin is nearby!
You are too injured to fight recklessly!
A goblin is nearby!
You are too injured to fight recklessly!
A goblin is nearby!
You are too injured to fight recklessly!
A goblin is nearby!
A goblin is nearby!
You are too injured to fight recklessly!
The goblin hits you but does no damage.
You are electrocuted!!
Ouch! That really hurt!
You die...

###### #....# #....#
##....###########
#####..............>#
..............#####.#
.#.†..........# #.#
##†)..###.....#####'#####
#....# #.....#.@..)....#
##....# #.......g.......#
##....# #....#..........#
##....# #.##.#.####'#####
##....# #.# .#.# #.#
....... #.# .#. #.#
###### ..# # #.#
#....#### .# #.......####


You could see a goblin.

Vanquished Creatures
  4 bats (D:1)
  2 endoplasms (D:1)
  2 giant cockroaches (D:1)
  2 hobgoblins (D:1)
  A quokka (D:1)
  2 ball pythons (D:1)
  2 goblins (D:1)
  2 rats (D:1)
17 creatures vanquished.

Notes
Turn   | Place    | Note
-------+----------+-------------------------------------------
     0 | D:1      | retardedninja the Human Fighter began the quest for the
                  | Orb.
     0 | D:1      | Reached XP level 1. HP: 18/18 MP: 1/1
   212 | D:1      | Reached XP level 2. HP: 24/24 MP: 2/2
   420 | D:1      | Mangled by a goblin

Illustrated notes

Levels and vault maps discovered:
D:1:      dpeg_arrival_circle_labyrinth_c, layout_basic, basic_ecumenical_altar

Action                     || total
---------------------------++-------
  Melee: War axe           ||    42
 Armour: Scale mail        ||    29
  Dodge: Dodged            ||    31
  Block: Buckler           ||    12

Table legend: (Time is in decaauts)
 A = Elapsed time spent in this place.
 B = Non-inter-level travel time spent in this place.
 C = Inter-level travel time spent in this place.
 D = Time resting spent in this place.
 E = Time spent auto-exploring this place.
 F = Levels seen in this place.
 G = Mean time per level.
                   A        B        C        D        E       F      G
               +--------+--------+--------+--------+--------+-----+--------+
         Total |    438 |    438 |      0 |      0 |    335 |   1 |  438.0 |
       Dungeon |    438 |    438 |      0 |      0 |    335 |   1 |  438.0 |
               +--------+--------+--------+--------+--------+-----+--------+

Top non-repeatable levels by time:
     D:1: 438 daAuts
